 Dungeon Crawl Stone Soup version 0.29-a0-330-g52719c12eb (webtiles) character file.

Game seed: 17459953183891967522

1765 dohliylev the Cleaver (level 8, 0/106 HPs)
             Began as a Minotaur Berserker on Apr 24, 2022.
             Was an Elder of Trog.
             Slain by an orc warrior
             ... wielding a +0 mace
              (10 damage)
             ... on level 6 of the Dungeon.
             The game lasted 00:10:20 (5931 turns).

dohliylev the Cleaver (Minotaur Berserker)          Turns: 5931, Time: 00:10:22

Health: 0/106      AC: 24    Str: 24    XL:     8   Next: 79%
Magic:  7/7        EV:  2    Int:  4    God:    Trog [****..]
Gold:   255        SH:  5    Dex: 10    Spells: 7/7 levels left

rFire   . . .      SeeInvis .   a - +0 hand axe
rCold   . . .      Faith    .   (no shield)
rNeg    . . .      Spirit   .   (body armour currently unavailable)
rPois   +          Reflect  +   (helmet currently unavailable)
rElec   .          Harm     .   (cloak currently unavailable)
rCorr   .          Rampage  .   (gloves currently unavailable)
Will    .....      NoTele   +   (boots currently unavailable)
Stlth   +.........              b - amulet of reflection
HPRegen 0.27/turn               q - ring of poison resistance
MPRegen 0.10/turn               (no ring)

@: lethally poisoned (0 -> -13), tree-form
A: stationary, stasis, torment immunity, boosted hp, (horns 2), (retaliatory
headbutt)
a: Renounce Religion, Berserk, Trog's Hand, Brothers in Arms


You were on level 6 of the Dungeon.
You worshipped Trog.
Trog was greatly pleased with you.
You were a tree.
You visited 1 branch of the dungeon, and saw 6 of its levels.

You collected 255 gold pieces.

Inventory:

Hand Weapons
 a - a +0 hand axe (weapon)
Armour
 e - a +0 ring mail (melded)
 r - a +1 pair of boots (melded)
 y - the +3 robe of the Valley of Death {rElec rC+ Will++ Slay+3 Stlth+}
   (You found it on level 5 of the Dungeon)

   Slay:      It affects your accuracy & damage with ranged weapons and melee
   (+3).
   rC:        It protects you from cold.
   rElec:     It insulates you from electricity.
   Will:      It greatly increases your willpower.
   Stlth:     It makes you more stealthy.
Jewellery
 b - an amulet of reflection (around neck)
 q - a ring of poison resistance (left branch)
 u - a ring of willpower
Scrolls
 d - 6 scrolls of identify {unknown}
 f - 2 scrolls of silence {unknown}
 i - a scroll of fog {unknown}
 j - 3 scrolls of enchant armour {unknown}
 k - 2 scrolls of teleportation {unknown}
 m - a scroll of amnesia {unknown}
 n - 2 scrolls of holy word {unknown}
 o - 2 scrolls of blinking {unknown}
 s - 2 scrolls of fear {unknown}
 w - a scroll of acquirement {unknown}
 z - a scroll of summoning {unknown}
Potions
 c - 2 potions of resistance
 g - a potion of invisibility {unknown}
 h - 3 potions of curing {unknown}
 l - 2 potions of flight {unknown}
 p - a potion of attraction {unknown}
 t - a potion of heal wounds {unknown}
 v - a potion of magic {unknown}
 x - a potion of haste {unknown}
 A - a potion of degeneration {unknown}


   Skills:
 + Level 6.9 Fighting
 + Level 9.4 Axes
 + Level 6.4 Armour
 + Level 4.5 Dodging
 + Level 4.2 Shields


You had 7 spell levels left.
You didn't know any spells.
Your spell library was empty.

Dungeon Overview and Level Annotations

Branches:
Dungeon (6/15)             Temple (0/1) D:5

Altars:
Elyvilon
Trog

Annotations:
D:5 2 runed translucent doors
D:6 Edmund


Innate Abilities, Weirdness & Mutations

You are a tree.
Your roots penetrate the ground, keeping you stationary.
You cannot be teleported.
You are immune to unholy pain and torment.
Your maximum health is greatly increased.
Your equipment is partially melded.
((You have a pair of horns on your head.))
((You reflexively headbutt those who attack you in melee.))


Message History

* * * LOW HITPOINT WARNING * * *
The orc warrior hits you with a +0 mace.
* * * LOW HITPOINT WARNING * * *
Edmund hits you but does no damage.
You are poisoned.
You attack the rock wall.
You feel sick.
The orc wizard points at you and mumbles some strange words.
The puff of flame hits you.
* * * LOW HITPOINT WARNING * * *
The orc warrior hits you with a +0 mace.
* * * LOW HITPOINT WARNING * * *
Edmund hits you but does no damage.
You attack the rock wall.
You feel less confused.
You feel sick.
The orc wizard hits you but does no damage.
The orc warrior completely misses you. Edmund hits you but does no damage.
Unknown command.
You barely miss the orc wizard.
The orc wizard is almost dead.
You closely miss the orc warrior. You slash Edmund!
You feel sick.
The orc wizard hits you but does no damage.
The orc warrior hits you but does no damage.
Edmund hits you with a +5 dire flail of venom.
* * * LOW HITPOINT WARNING * * *
You are lethally poisoned!
You hit the orc wizard.
You kill the orc wizard!
Trog accepts your kill.
Trog appreciates your killing of a magic user.
You hit Edmund but do no damage. You closely miss the orc warrior.
* * * LOW HITPOINT WARNING * * *
You feel very sick.
You hit Edmund.
Edmund is moderately wounded.
You closely miss the orc warrior.
* * * LOW HITPOINT WARNING * * *
You feel very sick.
The orc warrior hits you with a +0 mace!
You die...

#.## ..# .
####.#### ).
#....##.# ...
#.....#.# #..
#.....#<## #...
#........#
#...J##)...#..##
#....)♣....#..#
......@#o........
.......#........#.
.....#.####......
.# .......
........ . .... #.
###......[ ... #.
..##. ### #. .#


You could see Edmund, an orc warrior and a jelly.

Vanquished Creatures
  A yak (D:5)
  A wyvern (D:5)
  Eustachio (D:4)
  A steam dragon (D:5)
  2 water moccasins (D:5)
  A sky beast (D:5)
  2 ogres (D:5)
  A phantom (D:5)
  A scorpion (D:5)
  A howler monkey (D:5)
  5 hounds (D:5)
  An iguana (D:4)
  Terence (D:2)
  An orc wizard (D:6)
  7 gnolls (D:4)
  13 adders
  A white imp (D:5)
  An ufetubus (D:5)
  3 worms
  2 dart slugs
  17 orcs
  10 endoplasms
  3 giant cockroaches
  11 goblins
  7 hobgoblins
  8 jackals
  7 quokkas
  13 ball pythons
  7 bats
  4 frilled lizards
  8 kobolds
  4 rats
146 creatures vanquished.

Vanquished Creatures (others)
  A plant (D:2)
1 creature vanquished.

Grand Total: 147 creatures vanquished

Notes
Turn   | Place    | Note
-------+----------+-------------------------------------------
     0 | D:1      | dohliylev the Minotaur Berserker began the quest for the
                  | Orb.
     0 | D:1      | Reached XP level 1. HP: 19/19 MP: 0/0
   167 | D:1      | Reached skill level 4 in Axes
   347 | D:1      | Reached XP level 2. HP: 27/27 MP: 1/1
   790 | D:1      | Reached ** piety under Trog
   860 | D:1      | Reached XP level 3. HP: 32/33 MP: 2/2
  1675 | D:2      | Reached skill level 5 in Axes
  1827 | D:2      | Found a faded altar of an unknown god.
  1829 | D:2      | Reached skill level 1 in Shields
  1829 | D:2      | Reached XP level 4. HP: 40/40 MP: 3/3
  1850 | D:2      | Noticed Terence
  1859 | D:2      | Killed Terence
  2318 | D:3      | Reached XP level 5. HP: 44/47 MP: 4/4
  2381 | D:3      | Reached *** piety under Trog
  3002 | D:3      | Found a bloodstained altar of Trog.
  3677 | D:4      | Reached skill level 6 in Axes
  3683 | D:4      | Reached XP level 6. HP: 53/53 MP: 5/5
  4055 | D:4      | Noticed Eustachio
  4066 | D:4      | Killed Eustachio
  4067 | D:4      | Reached skill level 5 in Fighting
  4297 | D:5      | Entered Level 5 of the Dungeon
  4486 | D:5      | Noticed a water moccasin
  4494 | D:5      | Killed a water moccasin
  4494 | D:5      | Reached **** piety under Trog
  4495 | D:5      | Reached skill level 7 in Axes
  4495 | D:5      | Reached XP level 7. HP: 31/61 MP: 6/6
  4815 | D:5      | Found a large runed translucent door.
  4816 | D:5      | Found a large runed translucent door.
  4816 | D:5      | Noticed a wyvern
  4818 | D:5      | Noticed a steam dragon
  4824 | D:5      | Found a large runed translucent door.
  4824 | D:5      | Found a large runed translucent door.
  4826 | D:5      | Found a white marble altar of Elyvilon.
  4891 | D:5      | Reached skill level 5 in Armour
  4983 | D:5      | Found a staircase to the Ecumenical Temple.
  5268 | D:5      | Reached skill level 8 in Axes
  5268 | D:5      | Reached XP level 8. HP: 67/70 MP: 7/7
  5617 | D:5      | Identified the +3 robe of the Valley of Death {rElec rC+
                  | Will++ Slay+3 Stlth+}
  5640 | D:5      | Reached skill level 9 in Axes
  5915 | D:6      | Noticed Edmund
  5931 | D:6      | Slain by an orc warrior

Illustrated notes

Levels and vault maps discovered:
D:1:      dpeg_arrival_snail, layout_basic, amcnicky_mini_rare_corridor_liquid
D:2:      cheibrodos_old_hovel, layout_loops_cross,
          nicolae_ecumenical_snake_handling, chequers_avenue,
          minmay_tromino_v4_a, uniq_terence
D:3:      layout_loops_cross, mainiacjoe_overflow_concentric_impassable,
          grunt_ministairs_10, minmay_tree_intersection
D:4:      layout_gridville, uniq_eustachio
D:5:      layout_gridville, elyvilon_altar_4, minmay_temple_entry_junction_2,
          minmay_hollow_rounded_squares
D:6:      layout_basic, grunt_dithmenos_smoke, minmay_misc_feat_pillars,
          uniq_grinder, uniq_edmund, uniq_menkaure

Skill      XL: |  1  2  3  4  5  6  7  8 |
---------------+-------------------------+-----
Axes           | 4 5 6 7 8 9 |  9.4
Fighting       | 4 5 6 |  6.9
Armour         | 3 4 5 6 |  6.4
Shields        | 1 2 3 4 |  4.2
Dodging        | 3 4 |  4.5

Action                   |  1- 3 |  4- 6 |  7- 9 || total
-------------------------+-------+-------+-------++-------
Melee: Hand axe          |   117 |   171 |   114 ||   402
       Headbutt          |    11 |    18 |    21 ||    50
       Punch             |     2 |       |     1 ||     3
Invok: Berserk           |       |     4 |     2 ||     6
Evoke: Wand              |     2 |     4 |       ||     6
Armor: Ring mail         |    42 |    49 |    42 ||   133
       Skin              |       |       |     8 ||     8
Dodge: Dodged            |    71 |    77 |    54 ||   202
Block: Other             |    29 |    39 |    19 ||    87
       Reflection        |     1 |     1 |       ||     2

Table legend: (Time is in decaauts)
 A = Elapsed time spent in this place.
 B = Non-inter-level travel time spent in this place.
 C = Inter-level travel time spent in this place.
 D = Time resting spent in this place.
 E = Time spent auto-exploring this place.
 F = Levels seen in this place.
 G = Mean time per level.
                   A        B        C        D        E       F      G
               +--------+--------+--------+--------+--------+-----+--------+
         Total |   5989 |   5857 |    132 |    319 |   4521 |   6 |  998.2 |
       Dungeon |   5989 |   5857 |    132 |    319 |   4521 |   6 |  998.2 |
               +--------+--------+--------+--------+--------+-----+--------+

Top non-repeatable levels by time:
     D:5: 1621 daAuts
     D:1: 1317 daAuts
     D:4: 1120 daAuts
     D:2: 993 daAuts
     D:3: 914 daAuts
     D:6: 22 daAuts
